Workbook

Sheet Project1
A1: Cost Benefit Analysis
A2: Overall Cost to Benefit Ratio: | D2: =TRUNC(IF(G11>G17,G11/G17,1),2)&" to " & TRUNC(IF(G17>G11,G17/G11,1),2) -> 1 to 1.14
B3: Year1 | C3: Year2 | D3: Year3 | E3: Year4 | F3: Year5 | G3: Total
A4: Costs
A5: Project Costs | B5: 80 | C5: 40 | D5: 30 | E5: 20 | F5: 20 | G5: =SUM(B5:F5) -> 190
A6: People Costs | B6: 20 | C6: 30 | D6: 35 | E6: 30 | F6: 50 | G6: =SUM(B6:F6) -> 165
A7: System Costs | B7: 10 | C7: 10 | D7: 10 | E7: 15 | F7: 10 | G7: =SUM(B7:F7) -> 55
A8: Ongoing Costs | B8: 5 | C8: 10 | D8: 5 | E8: 10 | F8: 5 | G8: =SUM(B8:F8) -> 35
A9: Taxes | B9: 5 | C9: 10 | D9: 12 | E9: 15 | F9: 20 | G9: =SUM(B9:F9) -> 62
A10: Other Costs | B10: 43 | C10: 50 | D10: 40 | E10: 20 | F10: 10 | G10: =SUM(B10:F10) -> 163
A11: Total | B11: =SUM(B5:B10) -> 163 | C11: =SUM(C5:C10) -> 150 | D11: =SUM(D5:D10) -> 132 | E11: =SUM(E5:E10) -> 110 | F11: =SUM(F5:F10) -> 115 | G11: =SUM(B11:F11) -> 670
A12: Cumulative Costs | B12: =B11 -> 163 | C12: =SUM($B11:C11) -> 313 | D12: =SUM($B11:D11) -> 445 | E12: =SUM($B11:E11) -> 555 | F12: =SUM($B11:F11) -> 670
A13: Benefits
A14: Revenue & income | B14: 50 | C14: 100 | D14: 150 | E14: 120 | F14: 120 | G14: =SUM(B14:F14) -> 540
A15: Cost Savings | B15: 20 | C15: 40 | D15: 40 | E15: 40 | F15: 40 | G15: =SUM(B15:F15) -> 180
A16: Other Benefits | B16: 10 | C16: 10 | D16: 10 | E16: 10 | F16: 10 | G16: =SUM(B16:F16) -> 50
A17: Total | B17: =SUM(B14:B16) -> 80 | C17: =SUM(C14:C16) -> 150 | D17: =SUM(D14:D16) -> 200 | E17: =SUM(E14:E16) -> 170 | F17: =SUM(F14:F16) -> 170 | G17: =SUM(G14:G16) -> 770
A18: Cumulative Benefits | B18: =B17 -> 80 | C18: =SUM($B17:C17) -> 230 | D18: =SUM($B17:D17) -> 430 | E18: =SUM($B17:E17) -> 600 | F18: =SUM($B17:F17) -> 770
A19: Net Benefit or Cost | B19: =B17-B11 -> -83 | C19: =C17-C11 -> 0 | D19: =D17-D11 -> 68 | E19: =E17-E11 -> 60 | F19: =F17-F11 -> 55 | G19: =G17-G11 -> 100

Sheet Project Comparison
A1: Project | B1: P&L | C1: Year1 | D1: Year2 | E1: Year3 | F1: Year4 | G1: Year5 | H1: Total | I1: Cost-Benefit Analysis
A2: Project1 | B2: Cost | C2: =Project1!B11 -> 163 | D2: =Project1!C11 -> 150 | E2: =Project1!D11 -> 132 | F2: =Project1!E11 -> 110 | G2: =Project1!F11 -> 115 | H2: =SUM(C2:G2) -> 670 | I2: =B14&" to "&C14 -> 1 to 1.14
A3: Project1 | B3: Benefit | C3: =Project1!B17 -> 80 | D3: =Project1!C17 -> 150 | E3: =Project1!D17 -> 200 | F3: =Project1!E17 -> 170 | G3: =Project1!F17 -> 170 | H3: =SUM(C3:G3) -> 770
A4: Project2 | B4: Cost | C4: 120 | D4: 100 | E4: 110 | F4: 150 | G4: 80 | H4: =SUM(C4:G4) -> 560 | I4: =B15&" to "&C15 -> 1 to 1.15
A5: Project2 | B5: Benefit | C5: 105 | D5: 120 | E5: 130 | F5: 140 | G5: 150 | H5: =SUM(C5:G5) -> 645
A6: Project3 | B6: Cost | C6: 250 | D6: 200 | E6: 210 | F6: 205 | G6: 190 | H6: =SUM(C6:G6) -> 1055 | I6: =B16&" to "&C16 -> 1.15 to 1
A7: Project3 | B7: Benefit | C7: 100 | D7: 180 | E7: 200 | F7: 210 | G7: 220 | H7: =SUM(C7:G7) -> 910
A8: Project4 | B8: Cost | C8: 300 | D8: 250 | E8: 200 | F8: 195 | G8: 150 | H8: =SUM(C8:G8) -> 1095 | I8: =B17&" to "&C17 -> 1.05 to 1
A9: Project4 | B9: Benefit | C9: 230 | D9: 230 | E9: 190 | F9: 210 | G9: 180 | H9: =SUM(C9:G9) -> 1040
A10: Project5 | B10: Cost | C10: 140 | D10: 120 | E10: 110 | F10: 100 | G10: 110 | H10: =SUM(C10:G10) -> 580 | I10: =B18&" to "&C18 -> 1 to 1.11
A11: Project5 | B11: Benefit | C11: 95 | D11: 130 | E11: 130 | F11: 140 | G11: 150 | H11: =SUM(C11:G11) -> 645
A13: Project | B13: Cost | C13: Benefit
A14: Project1 | B14: =TRUNC(IF(H2>H3,H2/H3,1),2) -> 1 | C14: =TRUNC(IF(H3>H2,H3/H2,1),2) -> 1.14
A15: Project2 | B15: =TRUNC(IF(H4>H5,H4/H5,1),2) -> 1 | C15: =TRUNC(IF(H5>H4,H5/H4,1),2) -> 1.15
A16: Project3 | B16: =TRUNC(IF(H6>H7,H6/H7,1),2) -> 1.15 | C16: =TRUNC(IF(H7>H6,H7/H6,1),2) -> 1
A17: Project4 | B17: =TRUNC(IF(H8>H9,H8/H9,1),2) -> 1.05 | C17: =TRUNC(IF(H9>H8,H9/H8,1),2) -> 1
A18: Project5 | B18: =TRUNC(IF(H10>H11,H10/H11,1),2) -> 1 | C18: =TRUNC(IF(H11>H10,H11/H10,1),2) -> 1.11
